 Dungeon Crawl Stone Soup version 0.30.1-5-ged363bc7ee (webtiles) character file.

Game seed: 18237596268959744885

47 Ivernyr the Trooper (level 3, -1/20 HPs)
             Began as a Vine Stalker Monk on Sept 19, 2023.
             Slain by an iguana (6 damage)
             ... on level 3 of the Dungeon.
             The game lasted 00:03:11 (1311 turns).

Ivernyr the Trooper (Vine Stalker Monk)             Turns: 1311, Time: 00:03:12

Health: -1/20      AC:  8    Str: 13    XL:     3   Next: 70%
Magic:  0/4        EV: 11    Int: 10    God:
Gold:   117        SH:  0    Dex: 18    Spells: 2/2 levels left

rFire   . . .        a - +0 spear
rCold   . . .        d - orb {light}
rNeg    . . .        b - +3 ring mail
rPois   .            (no helmet)
rElec   .            (no cloak)
rCorr   .            (no gloves)
SInv    .            (no boots)
Will    .....        (no amulet)
Stlth   +            (no ring)
HPRegen 0.23/turn    (no ring)
MPRegen 0.09/turn

%: guardian spirit
@: glowing
A: fangs 2, magic shield, antimagic bite, no potion heal 2
a: no special abilities


You were on level 3 of the Dungeon.
You visited 1 branch of the dungeon, and saw 3 of its levels.

You collected 117 gold pieces.

Inventory:

Hand Weapons
 a - a +0 spear (weapon)
Armour
 b - a +3 ring mail (worn)
 d - an orb of light (worn)
Scrolls
 e - a scroll of brand weapon {unknown}
 f - 3 scrolls of torment {unknown}
 g - 2 scrolls of blinking {unknown}
 j - a scroll of vulnerability {unknown}
 k - a scroll of enchant armour {unknown}
 l - a scroll of immolation {unknown}
 n - 2 scrolls of identify {unknown}
 o - a scroll of fog {unknown}
 p - a scroll of summoning {unknown}
 q - a scroll of teleportation {unknown}
Potions
 c - a potion of ambrosia
 h - a potion of might {unknown}
 i - a potion of magic {unknown}
 m - 2 potions of heal wounds {unknown}
 r - a potion of haste {unknown}


   Skills:
 * Level 3.3 Fighting
 - Level 2.6 Polearms
 + Level 1.0 Armour
 * Level 3.0 Dodging


You had 2 spell levels left.
You didn't know any spells.
Your spell library contained the following spells:

 Spells                   Type           Power      Damage    Failure   Level
 Ozocubu's Armour         Ice            0%         N/A       94%         3
 Ozocubu's Refrigeration  Ice            0%         4d7       100%        7


Dungeon Overview and Level Annotations

Branches:
Dungeon (3/15)

Altars:
Nemelex Xobeh


Innate Abilities, Weirdness & Mutations

You have extremely sharp teeth.
When hurt, damage is shared between your health and your magic reserves.
Your bite disrupts and absorbs the magic of your enemies.
Potions cannot restore your health.


Message History

You add the spells Ozocubu's Armour and Ozocubu's Refrigeration to your library.
The goblin hits you with a +0 club.
You hit the goblin.
You kill the goblin!
You see here a +0 club.
HP restored.
Magic restored.
A giant cockroach comes into view.
The giant cockroach bites you but does no damage.
You hit the giant cockroach but do no damage.
Your bite misses the giant cockroach. The giant cockroach misses you.
You hit the giant cockroach but do no damage.
You bite the giant cockroach. You drain its power.
The giant cockroach is heavily wounded.
The giant cockroach barely misses you.
You hit the giant cockroach.
You kill the giant cockroach!
You see here a giant cockroach corpse.
Found a chain mail.
An iguana comes into view.
The iguana hisses angrily.
The iguana bites you!
You hit the iguana. You bite the iguana, but do no damage.
The iguana is lightly wounded.
The iguana bites you.
You hit the iguana but do no damage.
The iguana is lightly wounded.
The iguana closely misses you.
You barely miss the iguana. You bite the iguana. You drain its power.
You feel invigorated.
The iguana is moderately wounded.
The iguana bites you!
* * * LOW HITPOINT WARNING * * *
You hit the iguana. You bite the iguana, but do no damage.
The iguana is heavily wounded.
The iguana barely misses you.
You hit the iguana but do no damage.
The iguana is heavily wounded.
The iguana bites you!
You die...

#.###..# ##. #......# #.
#####.## #. #†# ##' #.#
##.. #.### ##... #.#.##
##....
..##.######...[####.....
......l@..........+.....
..##.#####.#...####..<>.
#......# ##.... ######.#
##... .# ##.. # ##+


You could see an iguana.

Vanquished Creatures
  An adder (D:2)
  2 dart slugs (D:2)
  9 ball pythons
  3 endoplasms
  2 giant cockroaches
  3 goblins
  2 kobolds (D:2)
  2 quokkas
  5 bats
  3 frilled lizards
  2 rats
34 creatures vanquished.

Vanquished Creatures (others)
  A kobold (D:2)
1 creature vanquished.

Grand Total: 35 creatures vanquished

Notes
Turn   | Place    | Note
-------+----------+-------------------------------------------
     0 | D:1      | Ivernyr the Vine Stalker Monk began the quest for the Orb.
     0 | D:1      | Reached XP level 1. HP: 11/11 MP: 2/2
   202 | D:1      | Reached XP level 2. HP: 15/16 MP: 3/3
   676 | D:2      | Found a sparkling altar of Nemelex Xobeh.
   909 | D:2      | Reached XP level 3. HP: 20/20 MP: 4/4
  1070 | D:2      | Reached skill level 1 in Armour
  1311 | D:3      | Slain by an iguana

Illustrated notes

Levels and vault maps discovered:
D:1:      heliophobic_arrival_battle_scene, layout_basic
D:2:      minmay_general_purpose_star, layout_rooms, basic_altar
D:3:      layout_loops_corners, serial_shops, shop_scrolls

Skill      XL: |  1  2  3 |
---------------+----------+-----
Fighting       | 3 |  3.3
Armour         | 1 |  1.0
Dodging        | 3 |  3.0
Polearms       | |  2.6

Action                     || total
---------------------------++-------
  Melee: Spear             ||    92
         Bite              ||    30
 Armour: Robe              ||     3
         Ring mail         ||    24
  Dodge: Dodged            ||    50
